cohdb
Replays
Latest Replays
All Replays
Popular Replays
Top Player Replays
Match Explorer
How It Works
Community
CoH3 Stats
Reddit
Sign in to upload your games and track your stats! →
Sign in with Steam
Match 38939293
Unlisted
Match 38939293
Overview
Messages
Build Orders
End
Construct Barracks
Riflemen Squad
Riflemen Squad
M1 Mortar Team
Riflemen Squad
Grenade Package
Infantry Support Center
Construct Medical Station
M1 Mortar Team
Survival Training
M1918 Browning Automatic Rifles
Riflemen Squad
Riflemen Squad
Selects Special Operations Battlegroup
Selects M29 Weasel with M1 Pack Howitzer
Selects Raiding Flares
Selects SSF Commando Squad
Raiding Flares
Construct Motor Pool
M1 Anti-tank Gun Team
M24 Chaffee Light Tank
billy_skills
WadoVice
0
0
Comments
sign in to comment!
No comments posted yet!